 Dungeon Crawl Stone Soup version 0.23.0-3-gf3c87f2 (webtiles) character file.

Game seed: 3286659102417617524

767 Frank the Sneak (level 7, 0/48 HPs)
             Began as an Octopode Fighter on Feb 20, 2019.
             Was an Initiate of Makhleb.
             Slain by a slave (2 damage)
             ... led by Pikel
             ... on level 5 of the Dungeon.
             The game lasted 00:05:14 (4335 turns).

Frank the Sneak (Octopode Fighter)                  Turns: 4335, Time: 00:05:14

Health: 0/48       AC:  1    Str: 16    XL:     7   Next: 82%
Magic:  7/7        EV: 13    Int: 10    God:    Makhleb [......]
Gold:   167        SH: 10    Dex: 13    Spells: 6/6 levels left

rFire    . . .     SeeInvis .   a - +1 long sword (elec)
rCold    . . .     Gourm    .   b - +1 shield
rNeg     . . .     Faith    .   (helmet restricted)
rPois    .         Spirit   .   (no amulet)
rElec    .         Reflect  .   (no ring)
rCorr    .         Harm     .   (no ring)
MR       .....                  (no ring)
Stlth    ++++......             (no ring)
HPRegen  0.16/turn              (no ring)
MPRegen  0.10/turn              (no ring)
                                (no ring)
                                (no ring)

@: no status effects
A: almost no armour, stealthy swim, amphibious, 8 rings, constrict 8, camouflage
1, gelatinous body 1
a: Renounce Religion


You were on level 5 of the Dungeon.
You worshipped Makhleb.
Makhleb was noncommittal.
You were not hungry.

You visited 2 branches of the dungeon, and saw 6 of its levels.

You collected 167 gold pieces.

Inventory:

Hand Weapons
 a - a +1 long sword of electrocution (weapon)
Armour
 b - a +1 shield (worn)
Jewellery
 k - an uncursed ring of fire
Scrolls
 f - 3 scrolls of blinking
 g - 3 scrolls of remove curse
 l - a scroll of teleportation
Potions
 e - a potion of brilliance
 h - a potion of mutation {unknown}
 i - 2 potions of curing {unknown}
 j - 2 potions of flight {unknown}
 m - a potion of degeneration {unknown}
Comestibles
 c - 2 chunks of flesh
 d - 7 rations


   Skills:
 + Level 4.1 Fighting
 + Level 5.3 Long Blades
 + Level 4.1 Dodging
 + Level 6.1 Stealth
 + Level 4.2 Shields


You had 6 spell levels left.
You didn't know any spells.
Your spell library was empty.

Dungeon Overview and Level Annotations

Branches:
Dungeon (5/15)             Temple (1/1) D:4

Altars:
Dithmenos
Gozag
Makhleb
Uskayaw

Annotations:
D:5 Edmund, Pikel


Innate Abilities, Weirdness & Mutations

You cannot wear most types of armour.
You are very stealthy in the water. (Stealth+)
You are amphibious.
You can wear up to eight rings at the same time.
You can use your tentacles to constrict eight enemies at once.
Your skin changes colour to match your surroundings (Stealth+).
Your rubbery body absorbs attacks. (AC +1, EV +1)


Message History

The slave is severely wounded.
You constrict the slave. The slave hits you. The slave hits you!
* * * LOW HITPOINT WARNING * * *
You hit the slave but do no damage.
The slave is almost dead.
You constrict the slave.
You kill the slave!
That felt strangely unrewarding.
You slash the slave! Your grab misses the slave.
The slave is moderately wounded.
The slave hits you.
* * * LOW HITPOINT WARNING * * *
You hit the slave but do no damage. You grab the slave.
The slave is moderately wounded.
You constrict the slave. The slave hits you.
* * * LOW HITPOINT WARNING * * *
You hit the slave. You squeeze the slave.
The slave is heavily wounded.
You constrict the slave. The slave hits you.
You die...

#.##.## ##.......##
#.....####.........###
....#......'.$..........
###.....####............
##.#.## ##.......%#
#.### ##.....#. #.#
#...## ##(###### ##p##
#...#...# #@#
#.......#### #.#
#......###.##
#..###.##...## #..#
#.#.....# #..# #.##...##
#..###.###)######
#.........).......
##......##########


You could see a slave.

Vanquished Creatures
  2 slaves (D:5)
  A sky beast (D:5)
  An ogre (D:4)
  An orc warrior (D:4)
  A howler monkey (D:5)
  Crazy Yiuf (D:2)
  2 orc priests (D:5)
  2 iguanas
  2 orc wizards (D:5)
  2 bullfrog skeletons
  2 worker ants (D:4)
  3 adders
  2 oozes
  2 adder skeletons (D:4)
  4 worms
  A dart slug (D:4)
  6 leopard geckos
  12 orcs
  A ball python (D:5)
  8 bats
  5 giant cockroaches
  5 hobgoblins
  2 jackals (D:1)
  A quokka (D:5)
  5 frilled lizards
  13 goblins
  11 kobolds
  A quokka skeleton (D:4)
  10 rats
109 creatures vanquished.

Notes
Turn   | Place    | Note
-------+----------+-------------------------------------------
     0 | D:1      | Frank the Octopode Fighter began the quest for the Orb.
     0 | D:1      | Reached XP level 1. HP: 16/16 MP: 1/1
   136 | D:1      | Reached XP level 2. HP: 20/21 MP: 2/2
   193 | D:1      | You fall through a shaft!
   223 | D:2      | Reached XP level 3. HP: 26/26 MP: 3/3
   229 | D:2      | Reached skill level 1 in Stealth
  1097 | D:2      | Reached XP level 4. HP: 26/31 MP: 4/4
  1131 | D:2      | Found a runed translucent door.
  1132 | D:2      | Noticed Crazy Yiuf
  1436 | D:2      | Killed Crazy Yiuf
  1436 | D:2      | Reached skill level 2 in Stealth
  1592 | D:3      | Reached skill level 3 in Stealth
  1745 | D:3      | Found a hide-covered altar of Uskayaw.
  1795 | D:3      | Reached XP level 5. HP: 32/36 MP: 5/5
  2685 | D:4      | Noticed an orc warrior
  2691 | D:4      | Killed an orc warrior
  2691 | D:4      | Reached skill level 4 in Stealth
  2691 | D:4      | Reached XP level 6. HP: 8/42 MP: 6/6
  2692 | D:4      | HP: 2/42 [orc/+0 club (6)]
  3033 | D:4      | Found a staircase to the Ecumenical Temple.
  3157 | D:4      | Reached skill level 5 in Stealth
  3350 | D:4      | Reached XP level 7. HP: 37/47 MP: 7/7
  3539 | Temple   | Entered the Ecumenical Temple
  3554 | Temple   | Became a worshipper of Makhleb the Destroyer
  3579 | D:5      | Entered Level 5 of the Dungeon
  3883 | D:5      | Reached skill level 5 in Long Blades
  3883 | D:5      | Reached skill level 6 in Stealth
  4272 | D:5      | Noticed Edmund
  4275 | D:5      | Noticed Pikel
  4334 | D:5      | HP: 2/48 [slave[Pikel] (5)]
  4335 | D:5      | Slain by a slave

Skill      XL: |  1  2  3  4  5  6  7 |
---------------+----------------------+-----
Stealth        | 1 3 4 5 6 |  6.1
Long Blades    | 3 4 5 |  5.3
Shields        | 4 |  4.2
Fighting       | 4 |  4.1
Dodging        | 4 |  4.1

Action                   |  1- 3 |  4- 6 |  7- 9 || total
-------------------------+-------+-------+-------++-------
Melee: Long sword        |    58 |    93 |    71 ||   222
       Constrict         |    15 |    29 |    18 ||    62
       Tentacles         |     8 |    15 |    14 ||    37
  Use: Scroll            |     3 |     3 |     2 ||     8
       Potion            |       |     2 |       ||     2
 Stab: Sleeping          |    14 |    15 |     2 ||    31
       Distracted        |       |       |     1 ||     1
  Eat: Chunk             |       |     8 |     3 ||    11
Armor: Skin              |     2 |     9 |     1 ||    12
Dodge: Dodged            |    23 |    31 |    17 ||    71
Block: Shield            |    17 |    42 |    27 ||    86
       Rpst.: Long sword |     9 |     5 |     2 ||    16
